 Dungeon Crawl Stone Soup version 0.17-b1-15-g0f5fb43 (webtiles) character file.

1169230 Eucla the Conqueror (level 27, -17/367 HPs)
             Began as a Minotaur Gladiator on Nov 7, 2015.
             Was the Champion of the Shining One.
             Demolished by Antaeus (39 damage)
             ... on level 7 of Cocytus.
             The game lasted 04:10:50 (81436 turns).

Eucla the Conqueror (Minotaur Gladiator)           Turns: 81436, Time: 04:10:50

Health: -17/367    AC: 49    Str: 50    XL:     27
Magic:  0/48       EV: 34    Int:  9    God:    the Shining One [******]
Gold:   9601       SH:  0    Dex: 18    Spells: 0 memorised, 26 levels left

rFire  + + +     SeeInvis .     o - +9 executioner's axe (holy)
rCold  + + .     Rnd*Rage +     z - +9 gold dragon armour
rNeg   + + +     SustAt   .     (shield currently unavailable)
rPois  +         Gourm    .     v - +2 hat {Spirit}
rElec  +         Spirit   +     s - +2 cloak {MR+}
rCorr  +         Warding  .     i - +1 pair of gloves of Laarhan {*Drain rF+ Str+12 Dex-2}
rMut   +         Stasis   .     u - +2 pair of boots {run}
MR     ++...                    H - amulet of Ytinaism {rMut MP+9 Int+3 Stlth+}
Stlth  ..........               Z - ring "Puirom" {*Drain rElec rF+ MR- Str+10}
                                g - +5 ring of evasion

@: berserking, resistant, glowing, very quick, very resistant to hostile
enchantments, extremely unstealthy
A: retaliatory headbutt, horns 2, berserk 1, blink, blurry vision 1, frail 1
a: Blink, Divine Shield, Cleansing Flame, Summon Divine Warrior, Renounce
Religion
}: 12/15 runes: decaying, slimy, silver, iron, obsidian, abyssal, demonic,
glowing, magical, fiery, dark, gossamer


You were on level 7 of Cocytus.
You worshipped the Shining One.
The Shining One was exalted by your worship.
You were very full.

You visited 15 branches of the dungeon, and saw 82 of its levels.
You visited Pandemonium 1 time, and saw 22 of its levels.
You visited the Abyss 4 times.
You also visited: Labyrinth, Ossuary and Ice Cave.

You collected 12040 gold pieces.
You spent 2439 gold pieces at shops.

Inventory:

Hand Weapons
 o - a +9 executioner's axe of holy wrath (weapon)
 J - the +2 battleaxe "Jellybane" {holy, rC+++ Str+4 Int-4}
   (Okawaru gifted it to you on level 3 of the Realm of Zot)

   It has been blessed by the Shining One to cause great damage to the undead
   and demons.
   It affects your strength (+4).
   It affects your intelligence (-4).
   It renders you almost immune to cold.
 S - the cursed +1 battleaxe of the Vase {venom, +Fly rF+ rC+ MP+9}
   (You found it on level 7 of the Iron City of Dis)

   It poisons the flesh of those it strikes.
   It protects you from fire.
   It protects you from cold.
   It affects your magic capacity (+9).
   It lets you fly.
   It has a curse placed upon it.
   The Shining One disapproves of the use of such an item.
Missiles
 j - 11 javelins of penetration
 q - 11 steel javelins
 O - 11 javelins of returning (quivered)
 Y - 32 silver javelins
Armour
 c - the +2 pair of gloves of the Bulwark {-Cast rPois rCorr Dex+6}
   (You bought it in a shop on level 12 of the Dungeon)

   It affects your dexterity (+6).
   It protects you from poison.
   It prevents spellcasting.
   It protects you from acid and corrosion.
 i - the +1 pair of gloves of Laarhan (worn) {*Drain rF+ Str+12 Dex-2}
   (You found it in Pandemonium)

   It affects your strength (+12).
   It affects your dexterity (-2).
   It protects you from fire.
   It causes draining when unequipped.
 s - a +2 cloak of magic resistance (worn)
 u - a +2 pair of boots of running (worn)
 v - a +2 hat of spirit shield (worn)
 z - a +9 gold dragon armour (worn)
 U - the +1 pearl dragon armour "Xuhiddiwk" {+Inv rPois rN+ SInv}
   (You found it on level 7 of Cocytus)

   It protects you from poison.
   It protects you from negative energy.
   It lets you see invisible.
   It lets you turn invisible.
Jewellery
 g - a +5 ring of evasion (left hand)
 p - the amulet of Koujy {+Rage rF+ Str+4}
   (You found it on level 1 of the Depths)

   [amulet of rage]

   It affects your strength (+4).
   It protects you from fire.
   It lets you go berserk.
 t - an uncursed ring of see invisible
 H - the amulet of Ytinaism (around neck) {rMut MP+9 Int+3 Stlth+}
   (You took it off a balrug in Pandemonium)

   [amulet of resist mutation]

   It protects you from mutation.
   It affects your intelligence (+3).
   It affects your magic capacity (+9).
   It makes you more stealthy.
 I - a +5 ring of strength
 T - the ring "Horileeg" {SustAt Dex+4}
   (You found it on level 3 of the Spider Nest)

   [ring of sustain attributes]

   It sustains your strength, intelligence and dexterity.
   It affects your dexterity (+4).
 Z - the ring "Puirom" (right hand) {*Drain rElec rF+ MR- Str+10}
   (You took it off a deep elf death mage on level 3 of the Elven Halls)

   [ring of protection from fire]

   It affects your strength (+10).
   It protects you from fire.
   It insulates you from electricity.
   It affects your resistance to hostile enchantments.
   It causes draining when unequipped.
Wands
 h - a wand of disintegration (7)
 l - a wand of heal wounds (0)
 w - a wand of teleportation (1)
 x - a wand of digging (4)
 M - a wand of teleportation (2)
 W - a wand of hasting (6)
Scrolls
 a - a scroll of blinking
 b - a scroll of brand weapon
 f - 42 scrolls of remove curse
 m - 7 scrolls of magic mapping
 y - 17 scrolls of identify
 B - a scroll of silence
 C - 5 scrolls of enchant weapon
 D - 2 scrolls of holy word
 N - a scroll of summoning
 P - 14 scrolls of fog
 V - 3 scrolls of fear
Potions
 k - 6 potions of cancellation
 A - 7 potions of haste
 E - a potion of berserk rage
 F - 2 potions of might
 G - 18 potions of curing
 K - 4 potions of magic
 Q - 11 potions of agility
 R - 3 potions of resistance
Miscellaneous
 L - a disc of storms
 X - a box of beasts
Comestibles
 e - 5 bread rations
 n - 30 meat rations


   Skills:
 O Level 27 Fighting
 O Level 27 Axes
 - Level 13.3 Throwing
 O Level 27 Armour
 O Level 27 Dodging
 O Level 27 Invocations
 + Level 21.0 Evocations


You had 26 spell levels left.
You didn't know any spells.

Dungeon Overview and Level Annotations

Branches:
Dungeon (15/15)            Temple (1/1) D:5            Lair (8/8) D:8
  Swamp (4/4) Lair:5       Spider (4/4) Lair:4        Slime (6/6) Lair:8
    Orc (4/4) D:12            Elf (3/3) Orc:3        Vaults (5/5) D:13
  Crypt (0/3) Vaults:2     Depths (5/5) D:15           Hell (1/1)
    Dis (7/7) Hell            Geh (7/7) Hell            Coc (7/7) Hell
    Tar (0/7) Hell            Zot (5/5) Depths:5

Altars:
Ashenzari
Cheibriados
Dithmenos
Elyvilon
Fedhas
Gozag
Kikubaaqudgha
Makhleb
Nemelex Xobeh
Okawaru
Qazlal
Ru
Sif Muna
Trog
Vehumet
Xom
Yredelemnul
Zin
The Shining One
Jiyva
Lugonu

Shops:
D:7 (   D:9 [   D:12 [(   D:14 *   Orc:4 [?**   Vaults:3 :

Portals:
Hell: Depths:1 Depths:2 Depths:3 Depths:4 Depths:5
Abyss: Depths:4 Depths:5
Pandemonium: Depths:3
Ziggurat: Depths:5

Annotations:
Coc:7 Antaeus


Innate Abilities, Weirdness & Mutations

You reflexively headbutt those who attack you in melee.
You have a pair of horns on your head.
You tend to lose your temper in combat.
You can translocate small distances at will.
Scrolls take you a little longer to read.
You are frail (-10% HP).


Message History

* * * LOW HITPOINT WARNING * * *
Antaeus freezes you! You resist.
* * * LOW HITPOINT WARNING * * *
Unknown command.
Read which item? (? for menu, Esc to quit)
Really read with blurry vision while enemies are nearby? [Y]es or [N]o only, please.
Really read with blurry vision while enemies are nearby? [Y]es or [N]o only, please.
Really read with blurry vision while enemies are nearby?
Okay, then.
Drink which item? (? for menu, Esc to quit)
Okay, then.
Drink which item? (? for menu, Esc to quit)
A red film seems to cover your vision as you go berserk!
You feel yourself moving faster!
You feel mighty!
Your angel barely misses Antaeus.
Your angel hits Antaeus with a whip of holy wrath.
Antaeus convulses.
Antaeus hits you!!!
You die...

#############*********
#≈≈≈≈≈≈≈≈≈≈≈≈≈≈≈≈≈≈≈≈≈
#≈≈≈≈≈≈≈≈≈≈≈≈≈≈≈≈≈≈≈≈≈
#≈≈≈≈≈≈≈≈≈≈≈≈≈≈≈≈≈≈≈≈≈
#≈≈≈≈≈≈≈≈≈≈≈≈≈≈≈≈≈≈≈≈≈
#≈≈≈≈≈≈z≈≈≈≈≈≈≈≈≈≈≈≈≈≈
#≈≈≈≈AC3...≈≈≈≈≈≈≈≈≈≈≈
#≈≈≈.@#**,,,,,,,,,,,,≈
#≈≈.)##**'*****,,,,,,,
#≈≈..#,,,,,,**,,,,,,,,
#≈≈..#,,,,,**,,,,,,,,,
#≈≈≈.#,,,,**,,,,,,≈≈≈≈
#≈≈..#,,,**,,,≈≈≈≈≈≈≈≈
#≈≈≈.#,,**,,≈≈≈≈≈≈≈≈≈≈
#≈≈≈.#***,,,≈≈≈≈≈≈≈≈≈≈
#≈≈≈..**,,,≈≈≈≈≈≈≈≈≈≈≈


You could see Antaeus, a skeletal warrior, an ice devil and a friendly angel.

Vanquished Creatures
  Cerebov (Pan)
  Asmodeus (Geh:7)
  the royal jelly (Slime:6)
  Dissolution (Slime:2)
  Gloorx Vloq (Pan)
  the Serpent of Hell (Coc:7)
  Mnoleg (Pan)
  Lom Lobon (Pan)
  2 ancient liches
  2 orbs of fire (Zot:5)
  Mara (Vaults:2)
  Mennas (Depths:4)
  10 shard shrikes
  Frederick (Depths:5)
  the Lernaean hydra (Swamp:4)
  Margery (Vaults:4)
  Norris (Spider:2)
  3 Killer Klowns
  Geryon (Hell)
  10 golden dragons
  Nikola (Swamp:3)
  9 bone dragons
  The ghost of Megaslime the Slayer, an adept DrBe of Trog (Vaults:4)
  Arachne (Spider:2)
  2 hellephants
  15 Brimstone Fiends
  18 tentacled monstrosities
  Rupert (D:15)
  10 liches
  9 Hell Sentinels
  6 pandemonium lords (Pan)
  21 Orb Guardians (Zot:5)
  18 Ice Fiends
  18 titans
  3 quicksilver dragons
  9 deep elf blademasters
  4 deep elf master archers
  22 tentacled starspawn
  23 Executioners
  An eldritch tentacle (Pan)
  14 acid blobs
  9 sphinxes
  5 Shadow Fiends
  3 death cobs
  Agnes (Spider:2)
  13 shadow dragons
  Kirke (Swamp:3)
  4 tengu reavers
  17 storm dragons
  6 thorn hunters
  27 fire giants
  2 daevas
  13 azure jellies
  6 draconian monks
  8 corrupters (Pan)
  20 vault wardens
  8 ghost moths
  13 deep elf sorcerers
  Donald (Spider:4)
  11 iron dragons
  6 chaos champions (Pan)
  4 draconian knights
  25 frost giants
  3 draconian scorchers
  Aizul (Swamp:3)
  7 draconian zealots
  2 curse skulls (Pan)
  38 balrugs
  2 draconian shifters
  4 emperor scorpions (Spider:4)
  13 cacodemons
  2 warmongers (Pan)
  An angel (Abyss:1)
  4 draconian annihilators
  40 stone giants
  A spriggan defender (Depths:5)
  34 very ugly things
  17 ironheart preservers
  29 reapers
  22 war gargoyles
  3 elemental wellsprings (Coc:7)
  2 draconian callers
  8 blood saints (Pan)
  6 green draconians
  5 deep elf demonologists
  6 black draconians
  2 vampire knights
  An ophan (Abyss:1)
  6 salamander firebrands
  4 salamander stormcallers
  9 mottled draconians
  20 deep elf annihilators
  9 red draconians
  7 yellow draconians
  8 black suns (Pan)
  7 purple draconians
  6 lorocyprocas
  9 white draconians
  21 ettins
  Snorg (Lair:7)
  An ettin (shapeshifter) (Vaults:5)
  22 green deaths
  21 fire dragons
  2 quicksilver dragon zombies
  35 vault guards
  A minotaur (Lab)
  6 death oozes (Slime:6)
  2 deep elf death magi (Elf:3)
  18 yaktaur captains
  37 blizzard demons
  5 deep elf high priests
  A kraken zombie (Coc:1)
  11 entropy weavers
  Harold (D:12)
  21 ice dragons
  12 great orbs of eyes
  27 hydras
  94 large abominations
  6 hell beasts
  2 catoblepae
  9 rakshasas
  11 monstrous demonspawn (Pan)
  2 quicksilver dragon skeletons
  2 ghost crabs
  2 spriggan air magi (Pan)
  Erica (D:11)
  12 centaur warriors
  9 deep troll shamans
  A death knight (Abyss:1)
  A ghost crab (shapeshifter) (Vaults:5)
  7 alligators
  17 ogre magi
  15 dancing weapons
  14 deep troll earth magi
  7 tengu warriors
  4 titan zombies
  4 orc high priests (Orc:4)
  14 thrashing horrors
  9 spriggan berserkers
  30 deep elf knights
  11 iron golems
  65 sun demons
  26 hell hogs
  12 shadow wraiths
  16 soul eaters
  6 storm dragon zombies
  6 titan skeletons
  15 wretched stars
  57 skeletal warriors
  A fire crab (Abyss:3)
  7 giant orange brains
  38 deep trolls
  9 infernal demonspawn (Pan)
  43 ice devils
  2 spatial maelstroms
  4 storm dragon skeletons
  2 sea snakes (shapeshifter)
  23 hell knights
  A fire crab (shapeshifter) (Vaults:1)
  12 shadow demons (Pan)
  5 golden dragon zombies
  12 anaconda zombies
  9 gelid demonspawn
  10 unseen horrors
  6 flayed ghosts
  A ghost moth zombie (Coc:7)
  2 spriggan druids (Swamp:2)
  4 putrid demonspawn (Pan)
  14 swamp dragons
  5 shambling mangroves
  11 iron trolls
  An obsidian statue (Zot:5)
  13 necromancers
  24 deep elf summoners
  Pikel (D:5)
  6 hill giants
  2 lindwurms
  A tengu zombie (Depths:2)
  8 shadow dragon zombies
  3 wolf spider zombies
  7 torturous demonspawn
  5 anaconda skeletons
  16 orc knights
  19 deep elf conjurers
  5 golden dragon skeletons
  14 ironbrand convokers
  5 fire giant zombies
  11 wizards
  A shining eye (shapeshifter) (Depths:3)
  6 orc sorcerers
  8 stone giant zombies
  A phantasmal warrior (Abyss:1)
  13 oklob plants
  12 orb spiders
  An orb spider (shapeshifter) (Abyss:3)
  8 frost giant zombies
  A harpy (shapeshifter) (Abyss:3)
  7 cyclopes
  A shining eye (Pan)
  16 moths of wrath
  A sphinx skeleton (Depths:3)
  A tengu skeleton (Depths:3)
  20 wolf spiders
  An iron dragon zombie (Vaults:4)
  31 rust devils
  12 salamanders
  2 shadow dragon skeletons
  50 ugly things
  12 hornets
  27 sixfirhies
  3 griffons
  A water nymph (shapeshifter) (Vaults:5)
  4 worldbinders
  An octopode (shapeshifter) (Elf:1)
  9 elephants
  A hornet (shapeshifter) (Abyss:3)
  4 fire giant skeletons
  2 manticores
  6 frost giant skeletons
  2 guardian serpents (shapeshifter)
  4 iron dragon skeletons
  13 vault sentinels
  Joseph (D:10)
  2 shock serpent zombies
  An eye of devastation (shapeshifter) (D:15)
  2 ice statues (IceCv)
  7 black mambas
  7 molten gargoyles (Geh:7)
  4 dire elephant zombies
  An eye of devastation (Slime:6)
  17 orange demons
  21 spiny frogs
  4 stone giant skeletons
  7 torpor snails
  3 apocalypse crabs (Abyss:3)
  A storm dragon simulacrum (Coc:7)
  A guardian serpent (Abyss:2)
  2 gargoyles
  A green draconian zombie (Coc:4)
  43 yaktaurs
  3 kobold demonologists
  A yaktaur (shapeshifter) (Vaults:2)
  51 smoke demons
  An iron troll zombie (Dis:5)
  A catoblepas zombie (Dis:5)
  A dire elephant skeleton (Coc:5)
  34 hellions
  7 fire drakes
  2 elf skeletons
  8 komodo dragons
  16 deep elf priests
  33 demonic crawlers
  A golden dragon simulacrum (Depths:3)
  4 tengu conjurers
  12 ancient zymes
  17 freezing wraiths
  10 efreet
  58 red devils
  A polar bear (Lair:6)
  15 hydra zombies
  6 hydra skeletons
  A troll (shapeshifter) (Vaults:2)
  6 anaconda simulacra
  28 tormentors
  34 two-headed ogres
  20 hellwings
  15 bog bodies
  33 blue devils
  7 trolls
  A slime creature (shapeshifter) (Vaults:5)
  9 giant leeches
  28 jumping spiders
  38 blink frogs
  A harpy skeleton (Pan)
  A harpy zombie (Coc:7)
  A polar bear (shapeshifter) (Vaults:1)
  15 wind drakes (Pan)
  3 ettin zombies
  2 hornet zombies
  11 boulder beetles
  A two-headed ogre (shapeshifter) (D:15)
  A fire dragon zombie (Geh:6)
  2 spriggan zombies
  8 shadows
  93 slime creatures
  A frost giant simulacrum (Depths:3)
  6 alligator zombies
  3 ice dragon skeletons
  A black mamba zombie (Geh:5)
  31 deep elf magi
  7 ice dragon zombies
  9 wyverns
  16 trapdoor spiders
  12 raiju
  5 ettin skeletons
  A boulder beetle (shapeshifter) (Abyss:2)
  10 spriggans
  90 flying skulls
  18 tarantellas
  22 ynoxinuls
  2 alligator skeletons
  71 yaks
  17 wraiths
  12 hippogriffs
  3 fire dragon skeletons
  50 redbacks
  4 water elementals
  34 vampire mosquitoes
  A yak (shapeshifter) (Depths:3)
  2 spriggans (shapeshifter)
  A stone giant simulacrum (Coc:7)
  3 spriggan skeletons
  3 fire bats (Geh:7)
  16 fire elementals
  44 deep elf fighters
  18 chaos spawn
  7 vampires
  13 basilisks
  2 hogs (Swamp:3)
  47 neqoxecs
  A steam dragon (Lair:8)
  4 hungry ghosts
  5 mottled dragons
  A hippogriff (shapeshifter) (Depths:4)
  20 insubstantial wisps
  30 swamp worms
  12 wolves
  5 wargs
  A merfolk zombie (Dis:1)
  21 water moccasins
  9 spiny frog zombies
  9 porcupines
  13 swamp drakes
  A black bear (shapeshifter) (Vaults:4)
  5 hydra simulacra
  16 ice beasts
  7 sky beasts
  21 spiders
  35 orc warriors
  2 slaves (D:5)
  25 hell hounds
  A spiny frog skeleton (Geh:6)
  8 eyes of draining
  2 swamp dragon zombies
  A black bear (Lair:5)
  27 wasps
  An eye of draining (shapeshifter) (Elf:2)
  4 necrophages
  An ettin simulacrum (Vaults:2)
  16 centaurs
  4 phantoms
  17 boggarts
  A sky beast (shapeshifter) (Depths:1)
  35 small abominations
  An alligator simulacrum (Hell)
  69 ogres
  2 manticore skeletons
  4 snapping turtle zombies
  16 crocodiles
  13 brain worms
  2 elf zombies
  18 giant frogs
  4 big kobolds
  A spiny frog simulacrum (Hell)
  A water moccasin zombie (D:7)
  2 wyvern skeletons
  An earth elemental (Abyss:1)
  5 scorpions
  A snapping turtle simulacrum (Abyss:3)
  4 killer bees
  56 wights
  8 quasits
  8 electric eels
  A troll skeleton (Geh:7)
  19 crimson imps
  7 centaur zombies
  23 jellies
  73 starcursed masses
  2 giant frog skeletons
  A giant frog zombie (D:7)
  6 centaur skeletons
  5 hounds
  3 human zombies
  25 orc priests
  23 iguanas
  23 iron imps
  2 human simulacra
  A killer bee zombie (D:6)
  7 worker ants
  33 orc wizards
  2 big kobold zombies (Ossuary)
  An ogre zombie (Geh:1)
  A naga skeleton (Pan)
  6 sheep
  2 hound zombies (Ossuary)
  A hound skeleton (D:10)
  7 mummies
  Robin (D:2)
  11 adders
  79 river rats
  7 shadow imps
  28 white imps
  8 ufetubi
  An ooze (D:5)
  4 adder zombies
  19 worms
  4 adder skeletons
  3 giant geckos
  157 orcs
  2 ball pythons
  2 giant cockroaches
  14 goblins
  16 hobgoblins
  23 jackals
  24 kobolds
  5 quokkas
  8 bats
  5 giant newts
  3 goblin zombies (Ossuary)
  6 hobgoblin zombies (Ossuary)
  A jackal skeleton (D:5)
  7 jackal zombies (Ossuary)
  4 kobold zombies
  2 orc zombies (Ossuary)
  5 quokka zombies
  4 rats
  3 rat zombies (Ossuary)
  8 briar patches
  15 bushes (Zot:4)
  9 crawling corpses
  32 fungi
  40 plants
  20 starspawn tentacles
  2 tentacles (Coc:1)
4946 creatures vanquished.

Vanquished Creatures (collateral kills)
  Dispater (Dis:7)
  A quicksilver dragon (Dis:7)
  An iron golem (Dis:7)
  An ice devil (Dis:7)
  A fire giant zombie (Dis:7)
  A rust devil (Dis:7)
6 creatures vanquished.

Vanquished Creatures (others)
  A shard shrike (Coc:5)
  A deep elf blademaster (Elf:3)
  A fire giant (Geh:7)
  A draconian scorcher (Zot:3)
  A draconian annihilator (Pan)
  A vampire knight (Depths:5)
  A stone giant (Pan)
  An elemental wellspring (Coc:7)
  A vault guard (Vaults:5)
  A deep elf high priest (Elf:3)
  2 ogre magi (Vaults:5)
  4 dancing weapons (Elf:2)
  3 ball lightnings (Pan)
  A wizard (Pan)
  A phantasmal warrior (Vaults:5)
  An orc knight (Vaults:5)
  A naga mage (Depths:1)
  A rust devil (Dis:7)
  A smoke demon (Pan)
  A hellwing (Pan)
  A wind drake (Pan)
  A two-headed ogre (Vaults:5)
  A flying skull (Dis:2)
  2 humans (Swamp:3)
  A chaos spawn (Pan)
  2 deep elf fighters
  An ogre (Vaults:5)
  A swamp drake (Swamp:3)
  A brain worm (Spider:3)
  2 wights (Geh:3)
  A crimson imp (D:5)
  An iron imp (Hell)
  2 small abominations (Abyss:3)
  An orc (Orc:2)
  5 briar patches
  81 eldritch tentacle segments (Pan)
  27 fungi
  2 lurking horrors
  19 plants
  32 starspawn tentacles
  274 starspawn tentacle segments
  6 tentacles (Coc:1)
  69 tentacle segments (Coc:1)
559 creatures vanquished.

Grand Total: 5511 creatures vanquished

Notes
Turn   | Place    | Note
--------------------------------------------------------------
     0 | D:1      | Eucla the Minotaur Gladiator began the quest for the Orb.
     0 | D:1      | Reached XP level 1. HP: 18/18 MP: 0/0
   191 | D:1      | Reached XP level 2. HP: 25/25 MP: 1/1
   307 | D:1      | Reached skill level 4 in Axes
   451 | D:1      | Reached skill level 1 in Armour
   694 | D:2      | Reached XP level 3. HP: 23/31 MP: 2/2
  1276 | D:2      | Noticed Robin
  1291 | D:2      | Killed Robin
  1291 | D:2      | Reached XP level 4. HP: 13/38 MP: 3/3
  2167 | D:3      | Reached skill level 5 in Axes
  2298 | D:3      | Reached XP level 5. HP: 27/46 MP: 4/4
  2667 | D:4      | Found a sparkling altar of Nemelex Xobeh.
  2695 | D:4      | Noticed an ogre
  2712 | D:4      | Killed an ogre
  2819 | D:4      | Reached XP level 6. HP: 36/52 MP: 5/5
  2866 | D:4      | Reached skill level 6 in Axes
  3062 | D:4      | Found a sand-covered staircase.
  3189 | Ossuary  | Entered an ossuary
  3389 | Ossuary  | Reached XP level 7. HP: 52/60 MP: 6/6
  3496 | Ossuary  | Reached skill level 5 in Fighting
  3691 | D:4      | Reached skill level 7 in Axes
  3692 | D:4      | Noticed an orc warrior
  4038 | D:5      | Entered Level 5 of the Dungeon
  4087 | D:5      | Reached skill level 5 in Dodging
  4308 | D:5      | Found a staircase to the Ecumenical Temple.
  4327 | Temple   | Entered the Ecumenical Temple
  4416 | Temple   | Became a worshipper of Warmaster Okawaru
  4446 | Temple   | Reached skill level 8 in Axes
  4446 | Temple   | Reached XP level 8. HP: 67/70 MP: 7/7
  4532 | D:5      | Reached skill level 5 in Armour
  4836 | D:5      | Noticed Pikel
  4855 | D:5      | Killed Pikel
  4855 | D:5      | Reached * piety under Okawaru
  4855 | D:5      | Reached skill level 9 in Axes
  4865 | D:5      | Found a snail-covered altar of Cheibriados.
  5236 | D:6      | Reached XP level 9. HP: 70/78 MP: 6/8
  5672 | D:6      | Reached skill level 10 in Axes
  6236 | D:7      | Reached ** piety under Okawaru
  6528 | D:7      | Found Weavun's Antique Weapon Shop.
  7107 | D:7      | Reached skill level 11 in Axes
  7546 | D:8      | Found a staircase to the Lair.
  7546 | D:8      | Noticed an elephant
  7568 | D:8      | Killed an elephant
  7568 | D:8      | Reached *** piety under Okawaru
  7568 | D:8      | Reached XP level 10. HP: 79/88 MP: 6/9
  7899 | D:9      | Found a sacrificial altar of Ru.
  8035 | D:9      | Found a shimmering altar of Xom.
  8038 | D:9      | Found a shimmering altar of Xom.
  8051 | D:9      | Found a shimmering altar of Xom.
  8064 | D:9      | Found a shimmering altar of Xom.
  8067 | D:9      | Found a shimmering altar of Xom.
  8067 | D:9      | Found a shimmering altar of Xom.
  8131 | D:9      | Found a shadowy altar of Dithmenos.
  8465 | D:9      | Reached skill level 12 in Axes
  8517 | D:9      | Found Coxkaock's Antique Armour Shoppe.
  8598 | D:9      | Found a sacrificial altar of Ru.
  8631 | D:9      | Found a glowing silver altar of Zin.
  8667 | D:10     | Entered Level 10 of the Dungeon
  8677 | D:10     | Noticed Joseph
  8692 | D:10     | Killed Joseph
  8973 | D:10     | Reached **** piety under Okawaru
  9347 | D:10     | Received a gift from Okawaru
  9353 | D:10     | Reached skill level 13 in Axes
  9353 | D:10     | Reached XP level 11. HP: 40/97 MP: 1/10
  9977 | Lair:1   | Entered Level 1 of the Lair of Beasts
 10033 | Lair:1   | Reached ***** piety under Okawaru
 10441 | Lair:1   | Received a gift from Okawaru
 10441 | Lair:1   | Reached skill level 10 in Fighting
 11168 | Lair:2   | Reached skill level 10 in Armour
 11293 | Lair:2   | Noticed a six-headed hydra
 11963 | Lair:2   | Received a gift from Okawaru
 11978 | Lair:2   | Reached skill level 14 in Axes
 12308 | Lair:2   | Killed a 15-headed hydra
 12308 | Lair:2   | Reached skill level 10 in Dodging
 12817 | Lair:3   | Reached XP level 12. HP: 96/108 MP: 9/11
 13754 | Lair:4   | Found a hole to the Spider Nest.
 14018 | Lair:4   | Reached skill level 5 in Throwing
 14387 | Lair:4   | Reached ****** piety under Okawaru
 14387 | Lair:4   | Received a gift from Okawaru
 14841 | Lair:5   | Found a staircase to the Swamp.
 14959 | Lair:5   | Received a gift from Okawaru
 15014 | Lair:5   | Noticed a five-headed hydra
 15030 | Lair:5   | Killed an 11-headed hydra
 15030 | Lair:5   | Received a gift from Okawaru
 15435 | Lair:6   | Found a labyrinth entrance.
 15462 | Lab      | Entered a labyrinth
 15558 | Lab      | Received a gift from Okawaru
 15558 | Lab      | Reached XP level 13. HP: 118/118 MP: 12/12
 15561 | Lab      | Got a distressingly furry cloak {god gift}
 15572 | Lab      | Identified the +2 cloak of Zaffoa {Str+3 Int+2} (Okawaru gifted it to you in a labyrinth)
 15882 | Lab      | Noticed a minotaur
 15890 | Lab      | Killed a minotaur
 15890 | Lab      | Reached skill level 15 in Axes
 15894 | Lab      | Identified the Tome of Sinister Ice
 15897 | Lab      | Got a slimy lajatang
 15910 | Lab      | Identified a +4 rod of inaccuracy (10/10) (You found it in a labyrinth)
 15911 | Lab      | Identified the cursed +3 lajatang "Itsennu" {freeze, *Rage +Rage +Inv rPois} (You found it in a labyrinth)
 16787 | Lair:6   | Noticed a catoblepas
 16805 | Lair:6   | Killed a catoblepas
 16998 | Lair:7   | Noticed Snorg
 17009 | Lair:7   | Killed Snorg
 17856 | Lair:7   | Received a gift from Okawaru
 18423 | Lair:8   | Entered Level 8 of the Lair of Beasts
 18473 | Lair:8   | Reached XP level 14. HP: 66/129 MP: 6/13
 18799 | Lair:8   | Found a staircase to the Slime Pits.
 18799 | Lair:8   | Found a viscous altar of Jiyva.
 18909 | Lair:8   | Reached skill level 16 in Axes
 19454 | Lair:8   | Found a runed door.
 19486 | Lair:8   | Received a gift from Okawaru
 19994 | Lair:8   | Received a gift from Okawaru
 20606 | D:11     | Found a frozen archway.
 20622 | IceCv    | Entered an ice cave
 20679 | IceCv    | Got a scintillating marble ring
 20682 | IceCv    | Identified the cursed ring "Capillit" {rElec MP+9 Int-5 Dex-3 SInv} (You found it in an ice cave)
 20772 | D:11     | Found a glowing golden altar of the Shining One.
 20773 | D:11     | Noticed Erica
 20828 | D:11     | Killed Erica
 21017 | D:11     | Got an ichor-stained robe
 21028 | D:11     | Identified the cursed +1 robe "Fosaejed" {rPois rF- MR+ Str-2} (You found it on level 11 of the Dungeon)
 21386 | D:12     | Received a gift from Okawaru
 21461 | D:12     | Found Feuczac's Weapon Shop.
 21461 | D:12     | Found a staircase to the Orcish Mines.
 21461 | D:12     | Found Cism's Armour Shop.
 21510 | D:12     | Bought the +2 pair of gloves of the Bulwark {-Cast rPois rCorr Dex+6} for 479 gold pieces
 21640 | D:12     | Found an ancient bone altar of Kikubaaqudgha.
 21838 | D:12     | Noticed Harold
 21847 | D:12     | Killed Harold
 22165 | D:13     | Reached XP level 15. HP: 130/139 MP: 14/14
 22231 | D:13     | Found a gate to the Vaults.
 22853 | D:14     | Found Arrillaf's Assorted Antiques.
 22866 | D:14     | Bought a scroll of enchant weapon for 217 gold pieces
 22866 | D:14     | Bought a scroll of identify for 58 gold pieces
 22887 | D:14     | Received a gift from Okawaru
 22998 | D:15     | Entered Level 15 of the Dungeon
 23111 | D:15     | Reached skill level 17 in Axes
 23165 | D:15     | Received a gift from Okawaru
 23282 | D:15     | Found a staircase to the Depths.
 23285 | D:15     | Reached skill level 10 in Throwing
 23511 | D:15     | Found a corrupted altar of Lugonu.
 23831 | D:15     | Reached skill level 15 in Fighting
 23951 | D:15     | Noticed Rupert
 23959 | D:15     | Killed Rupert
 24304 | Orc:1    | Entered Level 1 of the Orcish Mines
 24591 | Orc:2    | Got a transparent hat
 24604 | Orc:2    | Identified the +4 hat of Defence {rPois MR- rCorr Int+8} (You found it on level 2 of the Orcish Mines)
 24943 | Orc:3    | Found a staircase to the Elven Halls.
 25200 | Orc:4    | Entered Level 4 of the Orcish Mines
 25398 | Orc:4    | Gained mutation: Your spells are a little easier to cast, but a little less powerful. [a neqoxec]
 25403 | Orc:4    | Gained mutation: Your magical capacity is low (-10% MP). [a neqoxec]
 26208 | Orc:4    | Received a gift from Okawaru
 26350 | Orc:4    | Found Xycoarat's Antique Armour Shop.
 26350 | Orc:4    | Found Cukhlydaed's Assorted Antiques.
 26352 | Orc:4    | Found Dolu Fooriu's Magic Scroll Shop.
 26352 | Orc:4    | Found Gozatuage's General Store.
 26359 | Orc:4    | Bought a pair of runed boots for 121 gold pieces
 26361 | Orc:4    | Bought a scroll of brand weapon for 280 gold pieces
 26362 | Orc:4    | Bought a bread ration for 85 gold pieces
 26362 | Orc:4    | Bought 4 fruits for 102 gold pieces
 26362 | Orc:4    | Bought a scroll of magic mapping for 59 gold pieces
 26362 | Orc:4    | Bought a royal jelly for 34 gold pieces
 26364 | Orc:4    | Bought a scroll of blinking for 277 gold pieces
 26921 | Swamp:1  | Entered Level 1 of the Swamp
 27065 | Swamp:1  | Noticed a thorn hunter
 27070 | Swamp:1  | Killed a thorn hunter
 27070 | Swamp:1  | Reached XP level 16. HP: 113/149 MP: 10/13
 27143 | Swamp:1  | Reached skill level 15 in Armour
 27202 | Swamp:1  | Noticed a thorn hunter
 27235 | Swamp:1  | Killed a thorn hunter
 28896 | Swamp:2  | Reached skill level 18 in Axes
 29090 | Swamp:3  | Received a gift from Okawaru
 29105 | Swamp:3  | Noticed Kirke
 29116 | Swamp:3  | Got a pair of ancient boots {god gift}
 29203 | Swamp:2  | Identified the -2 pair of boots of the Loofah {rPois rCorr} (Okawaru gifted it to you on level 3 of the Swamp)
 29221 | Swamp:3  | Killed Kirke
 29298 | Swamp:3  | Noticed Nikola
 29304 | Swamp:3  | Noticed Aizul
 29310 | Swamp:3  | Killed Nikola
 29322 | Swamp:3  | Killed Aizul
 29958 | Swamp:3  | Reached skill level 15 in Dodging
 30520 | Swamp:3  | Reached XP level 17. HP: 132/159 MP: 14/14
 30535 | Swamp:3  | Noticed a tentacled monstrosity
 30549 | Swamp:3  | Killed a tentacled monstrosity
 30890 | Swamp:3  | Got a fine bone ring
 31153 | Swamp:4  | Entered Level 4 of the Swamp
 31187 | Swamp:4  | Received a gift from Okawaru
 31524 | Swamp:4  | Noticed the 27-headed Lernaean hydra
 31533 | Swamp:4  | Killed the 23-headed Lernaean hydra
 31547 | Swamp:4  | Got a decaying rune of Zot
 31560 | Swamp:4  | Noticed a tentacled monstrosity
 31568 | Swamp:4  | Killed a tentacled monstrosity
 32228 | Spider:1 | Entered Level 1 of the Spider Nest
 32478 | Spider:1 | Identified the ring "Ismegof" {rN+ Str+4 Dex-3} (You found it on level 3 of the Swamp)
 32981 | Spider:2 | Noticed Arachne
 32997 | Spider:2 | Killed Arachne
 32997 | Spider:2 | Received a gift from Okawaru
 33098 | Spider:2 | Noticed Agnes
 33104 | Spider:2 | Killed Agnes
 33353 | Spider:2 | Noticed Norris
 33360 | Spider:2 | Paralysed by Norris for 7 turns
 33373 | Spider:2 | Killed Norris
 33373 | Spider:2 | Reached skill level 19 in Axes
 33500 | Spider:2 | Received a gift from Okawaru
 33859 | Spider:3 | Reached XP level 18. HP: 145/170 MP: 15/15
 34347 | Spider:3 | Got a scorched lead ring
 34349 | Spider:3 | Identified the ring "Horileeg" {SustAt Dex+4} (You found it on level 3 of the Spider Nest)
 34862 | Spider:4 | Entered Level 4 of the Spider Nest
 34968 | Spider:4 | Noticed Donald
 34976 | Spider:4 | Killed Donald
 35017 | Spider:4 | Received a gift from Okawaru
 35404 | Spider:4 | Received a gift from Okawaru
 35444 | Spider:4 | Got a gossamer rune of Zot
 35739 | Spider:4 | Received a gift from Okawaru
 36216 | Vaults:1 | Entered Level 1 of the Vaults
 36465 | Vaults:1 | Paralysed by an orc sorcerer for 7 turns
 36762 | Vaults:1 | Received a gift from Okawaru
 37201 | Vaults:1 | Reached XP level 19. HP: 180/180 MP: 16/16
 37371 | Vaults:1 | Found Utean's Food Shop.
 37378 | Vaults:1 | Bought a bread ration for 65 gold pieces
 37378 | Vaults:1 | Bought a bread ration for 65 gold pieces
 37378 | Vaults:1 | Bought a meat ration for 65 gold pieces
 37378 | Vaults:1 | Bought a meat ration for 65 gold pieces
 37378 | Vaults:1 | Bought 2 fruits for 39 gold pieces
 37378 | Vaults:1 | Bought a bread ration for 65 gold pieces
 37378 | Vaults:1 | Bought a bread ration for 65 gold pieces
 37378 | Vaults:1 | Bought a meat ration for 65 gold pieces
 37378 | Vaults:1 | Bought a slice of pizza for 19 gold pieces
 37378 | Vaults:1 | Bought a bread ration for 65 gold pieces
 37378 | Vaults:1 | Bought a meat ration for 65 gold pieces
 37378 | Vaults:1 | Bought a beef jerky for 19 gold pieces
 37378 | Vaults:1 | Bought a bread ration for 65 gold pieces
 37442 | Vaults:2 | Received a gift from Okawaru
 37445 | Vaults:2 | Reached skill level 20 in Axes
 37448 | Vaults:2 | Got a fine buckler {god gift}
 38170 | Vaults:2 | Noticed Mara
 38172 | Vaults:2 | Noticed Eucla's illusion
 38193 | Vaults:2 | Killed Mara
 38375 | Vaults:2 | Found a staircase to the Crypt.
 38633 | Vaults:3 | Received a gift from Okawaru
 38858 | Vaults:3 | Identified a scroll of acquirement
 38882 | Vaults:3 | Found Kupliann's Book Emporium.
 38943 | Vaults:3 | Received a gift from Okawaru
 39351 | Vaults:3 | Received a gift from Okawaru
 39938 | Vaults:3 | Reached XP level 20. HP: 182/191 MP: 17/17
 40218 | Vaults:4 | Noticed Margery
 40233 | Vaults:4 | Killed Margery
 40662 | Vaults:4 | Reached skill level 21 in Axes
 40829 | Vaults:4 | Noticed Megaslime's ghost (adept DrBe)
 40840 | Vaults:4 | Killed Megaslime's ghost
 40840 | Vaults:4 | Received a gift from Okawaru
 40912 | Vaults:4 | Paralysed by a sphinx for 6 turns
 41013 | Vaults:4 | Received a gift from Okawaru
 41301 | Vaults:4 | Received a gift from Okawaru
 42149 | Elf:1    | Entered Level 1 of the Elven Halls
 42156 | Elf:1    | Cast into the Abyss (a deep elf demonologist)
 42156 | Abyss:1  | Found a corrupted altar of Lugonu.
 42386 | Abyss:1  | Paralysed by accursed screaming for 1 turns
 42654 | Abyss:1  | Received a gift from Okawaru
 43491 | Abyss:1  | Reached XP level 21. HP: 202/202 MP: 17/17
 43716 | Abyss:1  | Paralysed by accursed screaming for 1 turns
 43815 | Abyss:1  | Found a corrupted altar of Lugonu.
 43877 | Abyss:1  | Got a polished plate armour
 43879 | Abyss:1  | Identified the +3 plate armour of Beauty {rPois Int+4} (You found it on level 1 of the Abyss)
 44152 | Abyss:1  | Received a gift from Okawaru
 44510 | Elf:1    | Escaped the Abyss
 44535 | Elf:1    | Received a gift from Okawaru
 45645 | Elf:2    | Found a radiant altar of Vehumet.
 45703 | Elf:2    | Got a transparent executioner's axe
 45704 | Elf:2    | Identified the +2 executioner's axe of Eternity {distort, *Noise rF+ Str+2 Dex+7} (You acquired it on level 2 of the Elven Halls)
 45757 | Elf:2    | Found a runed gate.
 45757 | Elf:2    | Found a runed gate.
 45758 | Elf:2    | Found a runed gate.
 46562 | Elf:3    | Entered Level 3 of the Elven Halls
 46704 | Elf:3    | Reached XP level 22. HP: 214/214 MP: 18/18
 47019 | Elf:3    | Received a gift from Okawaru
 47202 | Elf:3    | Received a gift from Okawaru
 47218 | Elf:3    | Gained mutation: Armour fits poorly on your strangely shaped body. [a cacodemon]
 47776 | Elf:3    | Reached skill level 22 in Fighting
 48163 | Elf:3    | Cast into the Abyss (a deep elf sorcerer)
 48163 | Abyss:1  | Found a corrupted altar of Lugonu.
 48163 | Abyss:1  | Found a corrupted altar of Lugonu.
 48164 | Abyss:2  | Found a corrupted altar of Lugonu.
 48222 | Elf:3    | Escaped the Abyss
 48300 | Elf:3    | Got a warped turquoise ring
 48428 | Elf:3    | Lost mutation: Your spells are a little easier to cast, but a little less powerful. [potion of cure mutation]
 48428 | Elf:3    | Lost mutation: Armour fits poorly on your strangely shaped body. [potion of cure mutation]
 48428 | Elf:3    | Lost mutation: Your magical capacity is low (-10% MP). [potion of cure mutation]
 48430 | Elf:3    | Identified the ring "Puirom" {*Drain rElec rF+ MR- Str+10} (You took it off a deep elf death mage on level 3 of the Elven Halls)
 48697 | Elf:3    | Got a pitted broad axe {venom}
 48727 | Elf:3    | Got a distressingly furry scale mail
 48728 | Elf:3    | Identified the cursed +1 broad axe "Athisiga" {venom, *Noise rPois Int+4 Dex+4} (You took it off a deep elf annihilator on level 3 of the Elven Halls)
 48730 | Elf:3    | Identified the +4 scale mail "Wiuthuot" {rF- Int+3 Stlth+} (You found it on level 3 of the Elven Halls)
 49207 | Depths:1 | Entered Level 1 of the Depths
 49301 | Depths:1 | Paralysed by a great orb of eyes for 7 turns
 49313 | Depths:1 | Received a gift from Okawaru
 49443 | Depths:1 | Received a gift from Okawaru
 49652 | Depths:1 | Received a gift from Okawaru
 49804 | Depths:1 | Found a gateway to Hell.
 49818 | Depths:1 | Got a shimmering bronze amulet
 49819 | Depths:1 | Identified the amulet of Koujy {+Rage rF+ Str+4} (You found it on level 1 of the Depths)
 49944 | Depths:1 | Found a runed door.
 50042 | Depths:1 | Found a radiant altar of Vehumet.
 50042 | Depths:1 | Noticed an ancient lich
 50053 | Depths:1 | Killed an ancient lich
 50109 | Depths:1 | Reached XP level 23. HP: 209/225 MP: 22/22
 50414 | Depths:2 | Received a gift from Okawaru
 50414 | Depths:2 | Reached skill level 23 in Fighting
 50437 | Depths:2 | Received a gift from Okawaru
 51603 | Depths:3 | Gained mutation: Your muscles are strong. (Str +2) [potion of beneficial mutation]
 51881 | Depths:3 | Received a gift from Okawaru
 51893 | Depths:3 | Got a brightly glowing quicksilver dragon armour {god gift}
 51904 | Depths:3 | Identified the quicksilver dragon armour "Ehomuype" {rN+ MR+} (Okawaru gifted it to you on level 3 of the Depths)
 52143 | Depths:3 | Found a one-way gate leading to the halls of Pandemonium.
 52435 | Depths:4 | Paralysed by a great orb of eyes for 3 turns
 52472 | Depths:4 | Reached skill level 24 in Fighting
 52532 | Depths:4 | Reached XP level 24. HP: 129/238 MP: 22/22
 52539 | Depths:4 | Found a one-way gate to the infinite horrors of the Abyss.
 52934 | Depths:4 | Received a gift from Okawaru
 53860 | Depths:4 | Noticed Mennas
 53873 | Depths:4 | Killed Mennas
 54055 | Depths:5 | Entered Level 5 of the Depths
 54073 | Depths:5 | Received a gift from Okawaru
 54083 | Depths:5 | Found a gateway to a ziggurat.
 54104 | Depths:5 | Received a gift from Okawaru
 54295 | Depths:5 | Found a gate to the Realm of Zot.
 54450 | Depths:5 | Noticed Frederick
 54460 | Depths:5 | Killed Frederick
 54668 | Depths:5 | Received a gift from Okawaru
 54690 | Depths:5 | Identified a +0 pair of boots of running (Okawaru gifted it to you on level 5 of the Depths)
 54829 | Depths:5 | Found a corrupted altar of Lugonu.
 55498 | Vaults:5 | Entered Level 5 of the Vaults
 55508 | Vaults:5 | Reached skill level 25 in Fighting
 55517 | Vaults:5 | Reached XP level 25. HP: 124/249 MP: 10/22
 56304 | Vaults:5 | Received a gift from Okawaru
 56391 | Vaults:5 | Received a gift from Okawaru
 56624 | Vaults:5 | Got a silver rune of Zot
 56626 | Vaults:5 | Got a pair of pitted boots
 56637 | Vaults:5 | Identified the +1 pair of boots of Limitation {Int+4} (You found it on level 5 of the Vaults)
 57569 | Vaults:4 | Received a gift from Okawaru
 58045 | Zot:1    | Entered Level 1 of the Realm of Zot
 58264 | Zot:1    | Reached XP level 26. HP: 240/260 MP: 20/22
 58468 | Zot:1    | Received a gift from Okawaru
 58627 | Zot:2    | Reached skill level 26 in Fighting
 59377 | Zot:3    | Received a gift from Okawaru
 59413 | Zot:3    | Got a fine battleaxe {god gift}
 59414 | Zot:3    | Identified the +2 battleaxe "Jellybane" {holy, rC+++ Str+4 Int-4} (Okawaru gifted it to you on level 3 of the Realm of Zot)
 60099 | Zot:3    | Received a gift from Okawaru
 60102 | Zot:3    | Got a smoking battleaxe {god gift}
 60103 | Zot:3    | Identified the +3 battleaxe of Dawn {drain, rPois Dex+3} (Okawaru gifted it to you on level 3 of the Realm of Zot)
 61409 | Zot:5    | Entered Level 5 of the Realm of Zot
 61425 | Zot:5    | Received a gift from Okawaru
 61425 | Zot:5    | Reached XP level 27. HP: 271/271 MP: 22/22
 61433 | Zot:5    | Got a twisted battleaxe {god gift}
 61434 | Zot:5    | Identified the +1 battleaxe "Qopnouhu" {chop, rF+ Int-4 Dex+3} (Okawaru gifted it to you on level 5 of the Realm of Zot)
 61726 | Zot:5    | Gained mutation: You occasionally shout uncontrollably at your foes. [a neqoxec]
 61732 | Zot:5    | Noticed an ancient lich
 61733 | Zot:5    | Noticed an orb of fire
 61733 | Zot:5    | Noticed an orb of fire
 61749 | Zot:5    | Gained mutation: You can translocate small distances at will. [an orb of fire]
 61757 | Zot:5    | Killed an orb of fire
 61771 | Zot:5    | Killed an orb of fire
 61771 | Zot:5    | Reached skill level 27 in Fighting
 61776 | Zot:5    | Reached skill level 27 in Armour
 61882 | Zot:5    | Killed an ancient lich
 61882 | Zot:5    | Received a gift from Okawaru
 61973 | Zot:5    | Received a gift from Okawaru
 62643 | Hell     | Entered the Vestibule of Hell
 62643 | Hell     | Noticed Geryon
 62658 | Hell     | Killed Geryon
 62701 | Hell     | Found a gateway to the freezing wastes of Cocytus.
 62743 | Coc:1    | Entered Level 1 of Cocytus
 62815 | Hell     | Found a gateway to the decaying netherworld of Tartarus.
 62930 | Hell     | Found a gateway to the ashen valley of Gehenna.
 63349 | Hell     | Found a gateway to the Iron City of Dis.
 64232 | Slime:1  | Entered Level 1 of the Pits of Slime
 64265 | Slime:2  | Noticed Dissolution
 64270 | Slime:2  | Killed Dissolution
 64270 | Slime:2  | Received a gift from Okawaru
 64270 | Slime:2  | Received a gift from Okawaru
 64428 | Slime:6  | Entered Level 6 of the Pits of Slime
 64700 | Slime:6  | Found a viscous altar of Jiyva.
 64703 | Slime:6  | Noticed the royal jelly
 64717 | Slime:6  | Killed the royal jelly
 64717 | Slime:6  | Received a gift from Okawaru
 65101 | Slime:6  | Got a slimy rune of Zot
 65707 | D:11     | Fell from the grace of Okawaru
 65707 | D:11     | Became a worshipper of the Shining One
 65939 | Pan      | Entered Pandemonium
 66020 | Pan      | Gained mutation: Scrolls take you a little longer to read. [a cacodemon]
 66024 | Pan      | Reached * piety under the Shining One
 66078 | Pan      | Reached skill level 27 in Dodging
 66087 | Pan      | Reached ** piety under the Shining One
 66142 | Pan      | Found an exit through the horrors of the Abyss.
 66143 | Pan      | Gained mutation: Your magical capacity is low (-10% MP). [a neqoxec]
 66213 | Pan      | Reached skill level 27 in Axes
 66218 | Pan      | Reached skill level 1 in Invocations
 66252 | Pan      | Found a runed door.
 66276 | Pan      | Reached *** piety under the Shining One
 66357 | Pan      | Reached **** piety under the Shining One
 66399 | Pan      | Reached skill level 5 in Invocations
 66498 | Pan      | Reached ***** piety under the Shining One
 66502 | Pan      | Noticed Jifanehi the pandemonium lord
 66507 | Pan      | Killed Jifanehi the pandemonium lord
 66915 | Pan      | Noticed Ifiss the pandemonium lord
 66935 | Pan      | Killed Ifiss the pandemonium lord
 66935 | Pan      | Reached ****** piety under the Shining One
 67041 | Pan      | Identified a +9 executioner's axe of holy wrath (a +9 executioner's axe of freezing blessed by the Shining One)
 67041 | Pan      | Received a gift from the Shining One
 67284 | Pan      | Found an exit through the horrors of the Abyss.
 67330 | Pan      | Reached skill level 10 in Invocations
 67348 | Pan      | Gained mutation: Your flesh is heat resistant. [a cacodemon]
 67436 | Pan      | Noticed Ohokalod the pandemonium lord
 67799 | Pan      | Gained mutation: Your spells are a little easier to cast, but a little less powerful. [a neqoxec]
 67825 | Pan      | Killed Ohokalod the pandemonium lord
 67932 | Pan      | Gained mutation: You tend to lose your temper in combat. [a neqoxec]
 68006 | Pan      | Noticed Adaudiru the pandemonium lord
 68018 | Pan      | Killed Adaudiru the pandemonium lord
 68277 | Pan      | Found an exit through the horrors of the Abyss.
 68432 | Pan      | Noticed Togir the pandemonium lord
 68451 | Pan      | Killed Togir the pandemonium lord
 68610 | Pan      | Entered the realm of Cerebov.
 68685 | Pan      | Reached skill level 15 in Invocations
 68878 | Pan      | Noticed Cerebov
 68886 | Pan      | Cast into the Abyss (balrug)
 69332 | Abyss:2  | Found a corrupted altar of Lugonu.
 69730 | Abyss:2  | Found a burning altar of Makhleb.
 69769 | Abyss:2  | Gained mutation: You sometimes yell uncontrollably at your foes. [a neqoxec]
 69770 | Abyss:2  | Gained mutation: You often lose your temper in combat. [a neqoxec]
 70292 | Abyss:3  | Gained mutation: Scrolls take you longer to read. [a neqoxec]
 70669 | Abyss:3  | Lost mutation: Your muscles are strong. (Str +2) [a neqoxec]
 70826 | Abyss:3  | Got an abyssal rune of Zot
 71335 | Pan      | Escaped the Abyss
 71353 | Pan      | Killed Cerebov
 71398 | Pan      | Got a fiery rune of Zot
 71686 | Pan      | Got a clouded ruby amulet
 71697 | Pan      | Identified the amulet of Ytinaism {rMut MP+9 Int+3 Stlth+} (You took it off a balrug in Pandemonium)
 71708 | Pan      | Lost mutation: Your magical capacity is low (-10% MP). [potion of cure mutation]
 71708 | Pan      | Lost mutation: Your spells are a little easier to cast, but a little less powerful. [potion of cure mutation]
 71708 | Pan      | Lost mutation: Your flesh is heat resistant. [potion of cure mutation]
 71709 | Pan      | Lost mutation: You sometimes yell uncontrollably at your foes. [potion of cure mutation]
 71709 | Pan      | Lost mutation: You occasionally shout uncontrollably at your foes. [potion of cure mutation]
 71709 | Pan      | Lost mutation: Scrolls take you longer to read. [potion of cure mutation]
 71709 | Pan      | Lost mutation: You often lose your temper in combat. [potion of cure mutation]
 71745 | Pan      | Found an exit through the horrors of the Abyss.
 71906 | Pan      | Got a pair of heavily runed gloves
 71909 | Pan      | Identified the +1 pair of gloves of Laarhan {*Drain rF+ Str+12 Dex-2} (You found it in Pandemonium)
 72205 | Pan      | Found an exit through the horrors of the Abyss.
 72534 | Pan      | Entered the realm of Gloorx Vloq.
 72601 | Pan      | Found an exit through the horrors of the Abyss.
 72642 | Pan      | Was forgiven by Okawaru
 73019 | Pan      | Noticed Gloorx Vloq
 73033 | Pan      | Killed Gloorx Vloq
 73072 | Pan      | Got a dark rune of Zot
 73550 | Pan      | Noticed Juunno the pandemonium lord
 73564 | Pan      | Killed Juunno the pandemonium lord
 73815 | Pan      | Got a demonic rune of Zot
 73939 | Pan      | Entered the realm of Mnoleg.
 73939 | Pan      | Found an exit through the horrors of the Abyss.
 74439 | Pan      | Gained mutation: You are frail (-10% HP). [a shining eye]
 74495 | Pan      | Noticed Mnoleg
 74505 | Pan      | Killed Mnoleg
 74563 | Pan      | Got a glowing rune of Zot
 74690 | Pan      | Entered the realm of Lom Lobon.
 74987 | Pan      | Found an exit through the horrors of the Abyss.
 75373 | Pan      | Noticed Lom Lobon
 75393 | Pan      | Killed Lom Lobon
 75451 | Pan      | Got a magical rune of Zot
 75611 | Pan      | Took an exit into the Abyss.
 75611 | Abyss:1  | Escaped into the Abyss
 75662 | Abyss:1  | Paralysed by accursed screaming for 1 turns
 75688 | Depths:3 | Escaped the Abyss
 75749 | Geh:1    | Entered Level 1 of Gehenna
 76724 | Geh:7    | Entered Level 7 of Gehenna
 76929 | Geh:7    | Reached skill level 27 in Invocations
 76931 | Geh:7    | Reached skill level 1 in Evocations
 77032 | Geh:7    | Reached skill level 5 in Evocations
 77068 | Geh:7    | Noticed Asmodeus
 77151 | Geh:7    | Killed Asmodeus
 77163 | Geh:7    | Got an obsidian rune of Zot
 77429 | Dis:1    | Entered Level 1 of the Iron City of Dis
 77747 | Dis:3    | Reached skill level 10 in Evocations
 78234 | Dis:7    | Entered Level 7 of the Iron City of Dis
 78742 | Dis:7    | Reached skill level 15 in Evocations
 78751 | Dis:7    | Got a translucent battleaxe
 78754 | Dis:7    | Identified the cursed +1 battleaxe of the Vase {venom, +Fly rF+ rC+ MP+9} (You found it on level 7 of the Iron City of Dis)
 78990 | Dis:7    | Noticed Dispater
 79414 | Dis:7    | Killed Dispater
 79498 | Dis:7    | Got an iron rune of Zot
 80647 | Coc:7    | Entered Level 7 of Cocytus
 80809 | Coc:7    | Noticed the Serpent of Hell
 80819 | Coc:7    | Killed the Serpent of Hell
 81005 | Coc:7    | Got a brightly glowing pearl dragon armour
 81257 | Coc:7    | Identified the +1 pearl dragon armour "Xuhiddiwk" {+Inv rPois rN+ SInv} (You found it on level 7 of Cocytus)
 81422 | Coc:7    | Noticed Antaeus
 81436 | Coc:7    | Demolished by Antaeus

Action                   |  1- 3 |  4- 6 |  7- 9 | 10-12 | 13-15 | 16-18 | 19-21 | 22-24 | 25-27 || total
-------------------------+-------+-------+-------+-------+-------+-------+-------+-------+-------++-------
Melee: War axe           |    84 |   167 |   348 |   482 |       |       |       |       |       ||  1081
       Battleaxe         |       |       |       |   262 |  1088 |   991 |  1255 |   973 |       ||  4569
       Executioner's axe |       |       |       |       |       |       |    88 |   314 |  4211 ||  4613
Throw: Throwing net      |       |     1 |     2 |     2 |       |       |       |       |       ||     5
       Javelin           |       |       |       |     8 |       |    28 |       |       |       ||    36
Invok: Heroism           |       |       |     3 |     7 |    10 |     7 |     2 |     5 |       ||    34
       Finesse           |       |       |       |       |       |     1 |     1 |       |     1 ||     3
       Cleansing Flame   |       |       |       |       |       |       |       |       |    17 ||    17
       Summon Divine War |       |       |       |       |       |       |       |       |     6 ||     6
       Brand Weapon With |       |       |       |       |       |       |       |       |     1 ||     1
 Abil: Evoke Flight      |       |       |       |       |       |     3 |       |       |       ||     3
Evoke: Wand              |       |       |       |       |     1 |       |       |    18 |    28 ||    47
  Use: Scroll            |       |       |     5 |    18 |    17 |    10 |     8 |    30 |    45 ||   133
       Potion            |       |       |       |     2 |     4 |     8 |     5 |     5 |    19 ||    43
 Stab: Held in net/web   |       |     1 |     1 |     1 |       |       |       |       |       ||     3
       Confused          |       |       |       |       |       |       |       |       |     1 ||     1
       Distracted        |       |       |       |       |       |       |       |       |     2 ||     2
  Eat: Chunk             |       |     7 |     3 |     8 |    12 |     1 |       |       |       ||    31
       Pizza             |       |     2 |       |     1 |     2 |       |     2 |     3 |     1 ||    11
       Fruit             |       |       |     5 |     4 |     8 |     2 |    13 |       |     4 ||    36
       Bread ration      |       |       |     1 |       |       |     6 |     4 |     7 |    20 ||    38
       Beef jerky        |       |       |       |     9 |     2 |     2 |     2 |     1 |    10 ||    26
       Meat ration       |       |       |       |     3 |     1 |       |       |       |       ||     4
       Royal jelly       |       |       |       |       |     2 |     1 |       |       |     3 ||     6
